 Dungeon Crawl Stone Soup version 0.28-a0-8-g6e044cfa68 (webtiles) character file.

Game seed: 13034192048280671915

16 Spectrina the Magician (level 2, 0/21 HPs)
             Began as a Djinni Necromancer on July 24, 2021.
             Slain by a bat (1 damage)
             ... on level 2 of the Dungeon.
             The game lasted 00:05:41 (600 turns).

Spectrina the Magician (Djinni Necromancer)          Turns: 600, Time: 00:05:41

Health: 0/21       AC:  2    Str:  7    XL:     2   Next: 75%
Gold:   12         EV: 12    Int: 16    God:
                   SH:  0    Dex: 13

rFire   + + .      SeeInvis .   (no weapon)
rCold   x . .      Faith    .   (no shield)
rNeg    . . .      Spirit   .   a - +0 robe
rPois   ∞          Reflect  .   (no helmet)
rElec   .          Harm     .   (no cloak)
rCorr   .          Rampage  .   (no gloves)
Will    .....                   (boots unavailable)
Stlth   ++........              (no amulet)
HPRegen 0.07/turn               (no ring)
MPRegen 0.00/turn               (no ring)

@: flying
A: sickness immunity, fire resistance 2, cold vulnerability 1, float, innate
caster, hp casting, extra vitality 1
a: no special abilities


You were on level 2 of the Dungeon.
You visited 1 branch of the dungeon, and saw 2 of its levels.

You collected 12 gold pieces.

Inventory:

Armour
 a - a +0 robe (worn)


   Skills:
 - Level 2.1 Dodging
 - Level 1.5 Stealth
 * Level 3.8 Spellcasting


You couldn't memorise any spells.
You knew the following spells:

 Your Spells              Type           Power      Damage    Failure   Level
a - Pain                  Necr           60%        1d7       3%          1
k - Agony                 Necr           15%        N/A       69%         5
l - Vampiric Draining     Necr           7%         2d7       11%         3
m - Animate Skeleton      Necr           30%        N/A       3%          1
n - Animate Dead          Necr           7%         N/A       34%         4
Your spell library was empty.

Dungeon Overview and Level Annotations

Branches:
Dungeon (2/15)

Altars:


Innate Abilities, Weirdness & Mutations

You are immune to sickness and miasma.
You are immune to poison.
Your flesh is very heat resistant. (rF++)
You are vulnerable to cold. (rC-)
You float through the air rather than walking.
You learn spells naturally, not from books.
Your magical power is your life essence.
You have superior vitality. (+4 HP)


Message History

Casting: Pain (safe; 3% risk of failure)
Confirm with . or Enter, or press ? or * to list all spells.
You can't see any susceptible monsters within range! (Use Z to cast anyway.) Unknown command.
Casting: Pain (safe; 3% risk of failure)
Confirm with . or Enter, or press ? or * to list all spells.
Aiming: Pain (safe; 3% risk of failure)
Press: ? - help, Shift-Dir - straight line, f - hobgoblin
Aim: a hobgoblin (asleep, chance to affect: 85%)
The hobgoblin shouts!
The hobgoblin writhes in agony.
* * * LOW HITPOINT WARNING * * *
Casting: Pain (safe; 3% risk of failure)
Confirm with . or Enter, or press ? or * to list all spells.
Aiming: Pain (safe; 3% risk of failure)
Press: ? - help, Shift-Dir - straight line, f/p - hobgoblin
Aim: a hobgoblin (almost dead, chance to affect: 85%)
The hobgoblin writhes in agony.
You kill the hobgoblin!
* * * LOW HITPOINT WARNING * * *
Unknown command.
Unknown command.
A bat is nearby!
Casting: Pain (safe; 3% risk of failure)
Confirm with . or Enter, or press ? or * to list all spells.
Aiming: Pain (safe; 3% risk of failure)
Press: ? - help, Shift-Dir - straight line, f - bat
Aim: a bat (chance to affect: 85%)
The bat writhes in agony.
* * * LOW HITPOINT WARNING * * *
The bat hits you.
* * * LOW HITPOINT WARNING * * *
You barely miss the bat.
The bat is moderately wounded.
The bat closely misses you. The bat hits you but does no damage.
The bat hits you.
* * * LOW HITPOINT WARNING * * *
You aren't carrying any potions.
The bat hits you but does no damage. The bat hits you.
You die...

#... ...##..##
#..# .... ....
......†.. ...#
.....
.....(##..#####..
.......
.#...###..### ###
........ .#b#
#....# ##....S##
#.##.# #.##.#
.#######.##b#
.......#.##@#
#.####....##.#
#.........##.#
######...###.##
##.## #... #.#
#..# #.# #..# #.#
#..# #.# #..#


You could see a bat.

Vanquished Creatures
  2 ball pythons (D:1)
  2 bats (D:2)
  3 endoplasms
  3 hobgoblins
  2 frilled lizards
  A kobold (D:1)
  2 rats (D:1)
15 creatures vanquished.

Notes
Turn   | Place    | Note
-------+----------+-------------------------------------------
     0 | D:1      | Spectrina the Djinni Necromancer began the quest for the
                  | Orb.
     0 | D:1      | Reached XP level 1. HP: 15/15 MP: 0/0
   293 | D:1      | Reached XP level 2. HP: 3/21 MP: 0/0
   594 | D:2      | HP: 1/21 [bat (1)]
   600 | D:2      | Slain by a bat

Illustrated notes

Levels and vault maps discovered:
D:1:      noname_arrival_rooms_in_the_neighbourhood, layout_basic,
          supply_closet_lemuel, interstate_on_off, serial_park_tiny_pond
D:2:      layout_loops_ring, shapermc_ecumenical_altar_venn, nrook_mini_vaults

Action                   || total
-------------------------++-------
Melee: Unarmed           ||     7
 Cast: Pain              ||    27
 Stab: Sleeping          ||     1
Armor: Robe              ||     8
Dodge: Dodged            ||     8

Table legend: (Time is in decaauts)
 A = Elapsed time spent in this place.
 B = Non-inter-level travel time spent in this place.
 C = Inter-level travel time spent in this place.
 D = Time resting spent in this place.
 E = Time spent auto-exploring this place.
 F = Levels seen in this place.
 G = Mean time per level.
                   A        B        C        D        E       F      G
               +--------+--------+--------+--------+--------+-----+--------+
         Total |    600 |    582 |     18 |      0 |      0 |   2 |  300.0 |
       Dungeon |    600 |    582 |     18 |      0 |      0 |   2 |  300.0 |
               +--------+--------+--------+--------+--------+-----+--------+

Top non-repeatable levels by time:
     D:1: 400 daAuts
     D:2: 200 daAuts
